 Dungeon Crawl Stone Soup version 0.30.0 (webtiles) character file.

Game seed: 6793379409274305807

58 zlionsfan the Gusty (level 3, 0/24 HPs)
             Began as a Vampire Air Elementalist on May 6, 2023.
             Was an Initiate of Gozag.
             Succumbed to an adder's poison
             ... on level 2 of the Dungeon.
             The game lasted 00:07:27 (1246 turns).

zlionsfan the Gusty (Vampire Air Elementalist)      Turns: 1246, Time: 00:07:28

Health: 0/24       AC:  3    Str:  7    XL:     3   Next: 75%
Magic:  1/6        EV: 12    Int: 19    God:    Gozag
Gold:   118        SH:  0    Dex: 14    Spells: 3/6 levels left

rFire   . . .        (no weapon)
rCold   . . .        (no shield)
rNeg    . . .        a - +0 robe
rPois   .            c - +0 helmet
rElec   .            (no cloak)
rCorr   .            (no gloves)
SInv    +            (no boots)
Will    .....        (no amulet)
Stlth   ++           (no ring)
HPRegen 0.44/turn    (no ring)
MPRegen 0.10/turn

%: no passive effects
@: lethally poisoned (0 -> -2), gold aura, very slightly contaminated, healing
quickly, invisible
A: alive, fangs 3, see invisible, vampiric 2
a: Exsanguinate, Renounce Religion, Potion Petition, Call Merchant, Bribe Branch


You were on level 2 of the Dungeon.
You worshipped Gozag.
Gozag was aware of your devotion.
You visited 1 branch of the dungeon, and saw 2 of its levels.

You collected 178 gold pieces.
You spent 60 gold pieces at shops.

Inventory:

Missiles
 f - 5 javelins (quivered)
 g - a throwing net
Armour
 a - a +0 robe (worn)
 c - a +0 helmet (worn)
Scrolls
 h - a scroll of poison {unknown}
Potions
 b - a potion of magic
 d - 2 potions of haste
 e - a potion of flight


   Skills:
 + Level 2.4 Dodging
 + Level 3.0 Stealth
 + Level 0.5 Unarmed Combat
 + Level 2.4 Spellcasting
 + Level 1.2 Conjurations
 + Level 3.8 Air Magic


You had 3 spell levels left.
You knew the following spells:

 Your Spells              Type           Power      Damage    Failure   Level
a - Shock                 Conj/Air       48%        1d6       5%          1
b - Static Discharge      Conj/Air       24%        2-3/arc   9%          2

Your spell library contained the following spells:

 Spells                   Type           Power      Damage    Failure   Level
 Swiftness                Air            16%        N/A       10%         3
 Ignite Poison            Fire/Tmut/Pois 2%         N/A       43%         3
 Airstrike                Air            8%         2d(2-18)  32%         4
 Sticky Flame             Conj/Fire      4%         2d3       77%         4
 Ignition                 Fire           1%         3d3       100%        8


Dungeon Overview and Level Annotations

Branches:
Dungeon (2/15)

Altars:
Gozag

Shops:
D:1 :?


Innate Abilities, Weirdness & Mutations

Your natural rate of healing is accelerated.
You have razor-sharp teeth.
You have supernaturally acute eyesight. (SInv)
You are afflicted with vampirism and can become a bat while bloodless.


Message History

Press: ? - help, Shift-Dir - straight line, f/p - adder
Aim: an adder (heavily wounded, 48% to hit)
You miscast Shock.
Nothing appears to happen.
You feel sick. The adder bites you. The adder closely misses you.
Casting: Shock (safe; 6% risk of failure)
Confirm with . or Enter, or press ? or * to list all spells.
Aiming: Shock (safe; 6% risk of failure)
Press: ? - help, Shift-Dir - straight line, f/p - adder
Aim: an adder (heavily wounded, 48% to hit)
The zap misses the adder.
You feel sick. The adder barely misses you.
You hit the adder.
The adder is almost dead.
You feel sick. The adder bites you.
* * * LOW HITPOINT WARNING * * *
It was a potion of invisibility.
You fade into invisibility!
You feel sick. The adder closely misses you. The adder completely misses you.
You catch the helpless adder completely off-guard!
You hit the adder but do no damage.
The adder is almost dead.
You feel sick. The adder misses you.
You closely miss the adder.
The adder is almost dead.
You feel sick.
You are no longer poisoned.
The adder bites you.
* * * LOW HITPOINT WARNING * * *
You are lethally poisoned!
The adder poisons you!
You catch the helpless adder completely off-guard!
You hit the adder.
You kill the adder!
* * * LOW HITPOINT WARNING * * *
You feel sick.
Keep bloodletting?
* * * LOW HITPOINT WARNING * * *
You feel sick.
You begin bloodletting.
You continue bloodletting.
You die...
Your body crumbles into a pile of gold.

##.........#........#
.............##.....#
...........####.....#
############
#.....### ###.....#.
##.........
#.<....)<..
#.[........
#.@........
#.$........
#..........
##.>.......
>..............
.......#......#
......# .######
..>... .# ...... .#


There were no monsters in sight!

Vanquished Creatures
  An adder (D:2)
  A worm (D:2)
  2 dart slugs
  2 endoplasms (D:1)
  2 goblins (D:1)
  2 hobgoblins
  6 jackals (D:1)
  2 quokkas
  5 ball pythons
  8 bats
  3 frilled lizards (D:1)
  5 kobolds
  3 rats (D:1)
42 creatures vanquished.

Vanquished Creatures (others)
  A plant (D:2)
1 creature vanquished.

Grand Total: 43 creatures vanquished

Notes
Turn   | Place    | Note
-------+----------+-------------------------------------------
     0 | D:1      | zlionsfan the Vampire Air Elementalist began the quest for
                  | the Orb.
     0 | D:1      | Reached XP level 1. HP: 13/13 MP: 3/3
   161 | D:1      | Found Uddo's Vocational Training.
   167 | D:1      | Reached XP level 2. HP: 19/19 MP: 1/5
   173 | D:1      | Learned a level 2 spell: Static Discharge
   487 | D:1      | Found a faded altar of an unknown god.
   496 | D:1      | Prayed at the altar of an unknown god.
   496 | D:1      | Became a worshipper of Gozag Ym Sagoz the Greedy
   647 | D:1      | Found Qemeer's Magic Scroll Shoppe.
   654 | D:1      | Bought a scroll of identify for 24 gold pieces
   654 | D:1      | Bought a scroll of identify for 24 gold pieces
   654 | D:1      | Bought a scroll of noise for 12 gold pieces
   735 | D:1      | Gained mutation: You are afflicted with vampirism and can
                  | become a bat while bloodless. [Vampire growth]
   735 | D:1      | Reached XP level 3. HP: 23/24 MP: 0/6
  1218 | D:2      | Reached skill level 1 in Conjurations
  1244 | D:2      | HP: 1/24 [poisoned by an adder]
  1246 | D:2      | Succumbed to an adder's poison

Illustrated notes

Levels and vault maps discovered:
D:1:      minmay_arrival_cross, layout_rooms, basic_ecumenical_altar,
          serial_shops, nicolae_shop_hallway_plus, nicolae_shop_vocational
D:2:      layout_rooms, serial_shops, nicolae_shop_crystal, shop,
          nicolae_shop_crystal, serial_bayou_pond_a

Skill      XL: |  1  2  3 |
---------------+----------+-----
Conjurations   | 1 |  1.2
Dodging        | |  2.4
Stealth        | |  3.0
Unarmed Combat | |  0.5
Spellcasting   | |  2.4
Air Magic      | |  3.8

Action                     || total
---------------------------++-------
  Melee: Unarmed           ||    42
         Bite              ||     3
  Throw: Javelin           ||     4
   Cast: Shock             ||    68
Ability: Exsanguinate      ||     1
    Use: Scroll            ||     2
         Potion            ||     1
   Stab: Invisible         ||     2
         Sleeping          ||     1
 Armour: Robe              ||    22
  Dodge: Dodged            ||    42
